 Dungeon Crawl Stone Soup version 0.18-a0-917-g8a3da5b (webtiles) character file.

787 st0uf the Shield-Bearer (level 8, 0/62 HPs)
             Began as a Formicid Fighter on Dec 26, 2015.
             Was an Initiate of Makhleb.
             Slain by an orc warrior
             ... wielding a +0 short sword
              (8 damage)
             ... on level 6 of the Dungeon.
             The game lasted 00:21:59 (3267 turns).

st0uf the Shield-Bearer (Formicid Fighter)          Turns: 3267, Time: 00:22:00

Health: 0/62       AC:  8    Str: 23    XL:     8   Next: 11%
Magic:  8/8        EV: 10    Int:  8    God:    Makhleb [......]
Gold:   206        SH: 10    Dex: 10    Spells: 0 memorised, 7 levels left

rFire  . . .     SeeInvis +     a - +0 long sword
rCold  . . .     Gourm    .     b - +0 scale mail
rNeg   . . .     Faith    .     c - +0 shield
rPois  .         Spirit   .     (helmet unavailable)
rElec  .         Dismiss  .     w - +0 cloak
rCorr  .         Reflect  .     (no gloves)
SustAt .         Harm     .     (no boots)
MR     .....                    (no amulet)
Stlth  +.........               q - ring of teleportation (curse)
                                i - ring of stealth

@: not resistant to hostile enchantments, very unstealthy
A: permanent stasis, dig shafts and tunnels, four strong arms, antennae 3
a: Dig, Shaft Self, Renounce Religion, Evoke Teleportation


You were on level 6 of the Dungeon.
You worshipped Makhleb.
Makhleb was noncommittal.
You were hungry.

You visited 2 branches of the dungeon, and saw 7 of its levels.

You collected 206 gold pieces.

Inventory:

Hand Weapons
 a - a +0 long sword (weapon)
Armour
 b - a +0 scale mail (worn)
 c - a +0 shield (worn)
 w - a +0 cloak (worn)
Jewellery
 h - a +2 ring of intelligence
 i - a ring of stealth (left hand)
 q - a cursed ring of teleportation (right hand)
Wands
 d - a wand of polymorph (6/24)
Scrolls
 n - a scroll of fog {unknown}
 o - 2 scrolls of identify
 r - 3 scrolls of remove curse {unknown}
 t - 2 scrolls of teleportation {unknown}
 u - a scroll of enchant armour {unknown}
Potions
 e - 2 potions of heal wounds
 j - a potion of brilliance {unknown}
 k - a potion of experience {unknown}
 l - a potion of agility {unknown}
 s - a potion of haste
Books
 g - a Necronomicon

   Spells                             Type                      Level
   a - Haunt                          Necromancy/Summoning         7
   b - Borgnjor's Revivification      Necromancy                   8
   c - Death's Door                   Charms/Necromancy            8
   d - Necromutation                  Transmutation/Necromancy     8
Comestibles
 f - 3 bread rations
 m - 2 beef jerkies
 p - 3 meat rations
 v - a fruit


   Skills:
 + Level 5.0 Fighting
 + Level 4.3 Long Blades
 + Level 5.4 Armour
 + Level 2.9 Dodging
 + Level 6.0 Shields


You had 7 spell levels left.
You didn't know any spells.

Dungeon Overview and Level Annotations

Branches:
Dungeon (6/15)             Temple (1/1) D:4

Altars:
Ashenzari
Cheibriados
Elyvilon
Fedhas
Makhleb
Nemelex Xobeh
Pakellas
Qazlal
Ru

Annotations:
D:4 dvd's ghost, amateur OpIE
D:5 Grinder; st0uf's ghost, novice FoFi


Innate Abilities, Weirdness & Mutations

You are under a permanent stasis effect.
You can dig through walls and to a lower floor.
Your four strong arms can wield two-handed weapons with a shield.
You have a pair of large antennae on your head (SInv).


Message History

* * * LOW HITPOINT WARNING * * *
Drink which item? (? for menu, Esc to quit)
You feel much better. The orc warrior closely misses you.
You barely miss the orc warrior.
The orc warrior is heavily wounded.
You block the orc warrior's attack. x2
You slash the orc warrior!
The orc warrior is almost dead.
The orc warrior closely misses you.
You hit the orc warrior but do no damage.
The orc warrior is almost dead.
The orc warrior hits you with a short sword.
You closely miss the orc warrior.
The orc warrior is almost dead.
The orc warrior hits you with a short sword! x2
* * * LOW HITPOINT WARNING * * *
You hit the orc warrior but do no damage.
The orc warrior is almost dead.
The orc warrior hits you with a short sword!
You die...

#............#......
####..###'##+#......
#####..#.........####
#..'...#.........#
#..#...#.........#
#..#####.........#
#..###[....#######
#....#.....#
#...@#{....#
#####ooo...#
.......o..#### {
.o........#
o.o.......#
..........#
..........#
o..######## ...


You could see an orc warrior, an orc priest and 2 orcs.

Vanquished Creatures
  Sigmund (D:3)
  An ogre (D:4)
  A sky beast (D:6)
  A necrophage (D:5)
  A phantom (D:6)
  A centaur zombie (D:6)
  A crimson imp (D:6)
  2 orc wizards (D:4)
  An iguana (D:4)
  Robin (D:3)
  4 adders
  An ooze (D:1)
  5 orcs
  A ball python (D:1)
  10 bats
  5 giant cockroaches
  8 goblins
  8 hobgoblins
  4 kobolds
  2 quokkas (D:3)
  3 giant newts
  8 rats
70 creatures vanquished.

Notes
Turn   | Place    | Note
--------------------------------------------------------------
     0 | D:1      | st0uf the Formicid Fighter began the quest for the Orb.
     0 | D:1      | Reached XP level 1. HP: 18/18 MP: 1/1
   156 | D:1      | Reached XP level 2. HP: 21/24 MP: 2/2
   199 | D:1      | Reached skill level 4 in Shields
   579 | D:1      | Reached XP level 3. HP: 24/29 MP: 3/3
   985 | D:2      | You fall through a shaft!
   991 | D:3      | Found a white marble altar of Elyvilon.
  1082 | D:3      | Noticed Sigmund
  1083 | D:3      | Reached XP level 4. HP: 32/35 MP: 4/4
  1213 | D:3      | Reached skill level 1 in Dodging
  1351 | D:3      | Found a shattered altar of Ashenzari.
  1406 | D:3      | Noticed Robin
  1417 | D:3      | Killed Robin
  1534 | D:4      | Reached XP level 5. HP: 37/42 MP: 5/5
  2032 | D:4      | Noticed dvd's ghost (amateur OpIE)
  2315 | D:3      | Killed Sigmund
  2315 | D:3      | Reached skill level 5 in Shields
  2315 | D:3      | Reached XP level 6. HP: 34/48 MP: 6/6
  2586 | D:4      | Reached XP level 7. HP: 30/54 MP: 7/7
  2753 | D:4      | Found a staircase to the Ecumenical Temple.
  2762 | Temple   | Entered the Ecumenical Temple
  2769 | Temple   | Became a worshipper of Makhleb the Destroyer
  2916 | D:4      | You fall through a shaft!
  2916 | D:5      | Entered Level 5 of the Dungeon
  3106 | D:5      | Noticed st0uf's ghost (novice FoFi)
  3109 | D:5      | Noticed Grinder
  3119 | D:6      | Reached skill level 5 in Armour
  3144 | D:6      | Reached XP level 8. HP: 43/60 MP: 8/8
  3188 | D:6      | Reached skill level 6 in Shields
  3236 | D:6      | Reached skill level 5 in Fighting
  3267 | D:6      | Slain by an orc warrior

Vault maps used:
D:1:      eino_arrival_cavern_d, hangedman_decor_opposing
D:3:      nicolae_overflow_hidden_temple, elyvilon_altar_4, uniq_sigmund,
          uniq_robin
D:4:      minmay_temple_entry_poolview, first_bread
D:5:      zin_treasury, uniq_eustachio, uniq_grinder
D:6:      serial_shops, shop, lightli_minifort, uniq_pikel
Temple:   circular_temple_13

Action                   |  1- 3 |  4- 6 |  7- 9 || total
-------------------------+-------+-------+-------++-------
Melee: Long sword        |   124 |   108 |    94 ||   326
 Abil: Dig               |       |     3 |     2 ||     5
       Shaft Self        |       |       |     1 ||     1
  Use: Scroll            |     2 |       |       ||     2
       Potion            |       |     1 |     2 ||     3
  Eat: Chunk             |     1 |     3 |     3 ||     7
       Fruit             |       |     1 |       ||     1
